 Dungeon Crawl Stone Soup version 0.24-a0-84-g25a2d9f (webtiles) character file.

Game seed: 14503680075210905526

72 Blackhawk the Skirmisher (level 4, 29/29 HPs)
             Began as a Gargoyle Wanderer on Feb 7, 2019.
             Was a Follower of Sif Muna.
             Quit the game on level 3 of the Dungeon.
             The game lasted 00:04:43 (2627 turns).

Blackhawk the Skirmisher (Gargoyle Wanderer)        Turns: 2627, Time: 00:04:43

Health: 29/29      AC: 16    Str: 17    XL:     4   Next: 26%
Magic:  10/10      EV:  4    Int: 13    God:    Sif Muna [*.....]
Gold:   89         SH:  0    Dex:  8    Spells: 11/11 levels left

rFire    . . .     SeeInvis .   g - +0 hand axe
rCold    . . .     Gourm    .   (no shield)
rNeg     + + .     Faith    .   n - +2 plate armour
rPois    ∞         Spirit   .   (no helmet)
rElec    +         Reflect  .   (no cloak)
rCorr    .         Harm     .   (no gloves)
MR       .....                  s - +0 pair of boots
Stlth    ..........             (no amulet)
HPRegen  0.09/turn              u - ring of positive energy
MPRegen  0.12/turn              (no ring)

@: no status effects
A: negative energy resistance 1, electricity resistance, unbreathing,
petrification resistance, rot immunity, AC +3
a: Divine Energy, Renounce Religion


You were on level 3 of the Dungeon.
You worshipped Sif Muna.
Sif Muna was aware of your devotion.
You were very hungry.

You visited 1 branch of the dungeon, and saw 3 of its levels.

You collected 89 gold pieces.

Inventory:

Hand Weapons
 d - a +0 club
 e - a +0 dagger (quivered)
 g - a +0 hand axe (weapon)
 v - a +0 flail
Armour
 c - a +0 robe
 l - a +0 leather armour
 n - a +2 plate armour (worn)
 s - a +0 pair of boots (worn)
Jewellery
 u - a ring of positive energy (left hand)
Scrolls
 b - 2 scrolls of amnesia
 h - 2 scrolls of fear {unknown}
 i - a scroll of fog {unknown}
 k - 2 scrolls of magic mapping {unknown}
 o - a scroll of blinking {unknown}
 q - 5 scrolls of teleportation {unknown}
 r - a scroll of identify {unknown}
 t - 4 scrolls of enchant weapon {unknown}
Potions
 a - a potion of mutation {unknown}
 j - 2 potions of curing {unknown}
 m - 2 potions of heal wounds {unknown}
 p - a potion of berserk rage {unknown}
 w - 2 potions of brilliance {unknown}
 x - a potion of invisibility {unknown}
Comestibles
 f - 6 rations


   Skills:
 * Level 4.1 Fighting
 - Level 2.1 Stealth
 - Level 4.0 Spellcasting
   Level 1.1 Conjurations
   Level 1.7 Charms
   Level 1.0 Fire Magic


You had 11 spell levels left.
You didn't know any spells.
Your spell library contained the following spells:

 Spells                   Type           Power        Failure   Level  Hunger
 Flame Tongue             Conj/Fire      #....        100%        1    None
 Freeze                   Ice            #...         100%        1    None
 Throw Flame              Conj/Fire      #.....       100%        2    ##.....
 Conjure Flame            Conj/Fire      #.......     100%        3    ###....
 Inner Flame              Hex/Fire       #.......     100%        3    ###....
 Ozocubu's Armour         Chrm/Ice       #.......     100%        3    ###....
 Sticky Flame             Conj/Fire      #.......     100%        4    ####...
 Fireball                 Conj/Fire      #.........   100%        5    ######.


Dungeon Overview and Level Annotations

Branches:
Dungeon (3/15)

Altars:
Elyvilon
Sif Muna
The Shining One


Innate Abilities, Weirdness & Mutations

You are resistant to torment.
Your stone body is resilient. (AC +3)
You are immune to poison.
You resist negative energy. (rN+)
You are resistant to electric shocks. (rElec)
You can survive without breathing.
You are immune to petrification.
You are immune to rotting.


Message History

No target in view!
No target in view!
No target in view!
No target in view!
No target in view!
No target in view!
No target in view!
No target in view!
No target in view!
No target in view!
Quiver which item? (- for none, * to show all) (? for menu, Esc to quit)
You don't have any such object.
Quiver which item? (- for none, * to show all) (? for menu, Esc to quit)
Quivering
e - a +0 dagger for throwing.
Unknown command.
Unknown command.
Welcome back, Blackhawk the Gargoyle Wanderer.
Sif Muna whispers: I know many secrets...
Press ? for a list of commands and other information.
Are you sure you want to abandon this character and quit the game? (Confirm with "yes".)

...#......#....# ### ###.....##.
........####...####.###.####..##.
.....#### ##...#...#.#_#.#.).###.
...### ####<.#.#.####.###.#### #.
...# #............####### .. .[.#
#.#####(....##.... ## ..)#
##.#####.........$..
#..####..#.........######.
#..........####.@..# #.##...#####
#.†..# #....######## #.......
............. ..........
.<....#########....####. ......#
#....# ......# ###### ......#
#######


There were no monsters in sight!

Vanquished Creatures
  2 adders
  A leopard gecko (D:1)
  5 orcs (D:3)
  4 giant cockroaches
  6 goblins
  6 hobgoblins
  4 kobolds
  A quokka (D:3)
  A ball python (D:1)
  7 bats
  5 frilled lizards
  5 rats
47 creatures vanquished.

Notes
Turn   | Place    | Note
-------+----------+-------------------------------------------
     0 | D:1      | Blackhawk the Gargoyle Wanderer began the quest for the
                  | Orb.
     0 | D:1      | Blackhawk set off with the following items: a +0 robe, a +0
                  | club, a +0 dagger, a ration; and the following spells
                  | available to memorise: Flame Tongue, Freeze, Throw Flame,
                  | Conjure Flame, Ozocubu's Armour, Inner Flame, Sticky Flame,
                  | Fireball
     0 | D:1      | Reached XP level 1. HP: 10/10 MP: 5/5
   201 | D:1      | Reached skill level 1 in Fighting
   283 | D:1      | Reached XP level 2. HP: 8/17 MP: 7/7
  1235 | D:2      | Reached XP level 3. HP: 22/22 MP: 8/8
  1735 | D:2      | Found a glowing golden altar of the Shining One.
  1808 | D:2      | Found a white marble altar of Elyvilon.
  2213 | D:3      | Reached XP level 4. HP: 9/29 MP: 10/10
  2610 | D:3      | Found a faded altar of an unknown god.
  2612 | D:3      | Became a worshipper of Sif Muna the Loreminder
  2612 | D:3      | Reached * piety under Sif Muna
  2627 | D:3      | Quit the game

Levels and vault maps discovered:

Skill      XL: |  1  2  3  4 |
---------------+-------------+-----
Fighting       | 1 2 3 4 |  4.1
Stealth        | |  2.1
Spellcasting   | |  4.0
Conjurations   | |  1.1
Charms         | |  1.7
Fire Magic     | |  1.0

Action                   |  1- 3 |  4- 6 || total
-------------------------+-------+-------++-------
Melee: Club              |   275 |       ||   275
       Hand axe          |       |    13 ||    13
  Use: Scroll            |     4 |       ||     4
 Stab: Sleeping          |     2 |       ||     2
  Eat: Chunk             |     5 |       ||     5
Armor: Robe              |    11 |       ||    11
       Leather armour    |    40 |       ||    40
       Plate armour      |   222 |    13 ||   235
Dodge: Dodged            |   135 |     1 ||   136

Table legend:
 A = Non-vault XP
 B = Vault XP
 C = Vault XP percentage of total XP
 D = Non-vault monster count
 E = Vault monster count
 F = Vault count percentage of total count
                 A         B        C        D         E       F
            +---------+---------+-------+---------+---------+-------
      Total |     104 |       0 |   0.0 |      47 |       0 |   0.0
            +---------+---------+-------+---------+---------+-------
        D:1 |      30 |       0 |   0.0 |      18 |       0 |   0.0
        D:2 |      32 |       0 |   0.0 |      14 |       0 |   0.0
        D:3 |      42 |       0 |   0.0 |      15 |       0 |   0.0
            +---------+---------+-------+---------+---------+-------
